 Dungeon Crawl Stone Soup version 0.29-a0-1047-g7c58e119a4 (webtiles) character file.

Game seed: 4187451686568927734

219 polve the Chopper (level 5, -6/40 (41) HPs)
             Began as a Demonspawn Abyssal Knight on Aug 16, 2022.
             Was a Believer of Lugonu.
             Mangled by Crazy Yiuf
             ... wielding a +2 quarterstaff of chaos
              (8 damage)
             ... on level 2 of the Dungeon.
             The game lasted 00:02:30 (2548 turns).

polve the Chopper (Demonspawn Abyssal Knight)       Turns: 2548, Time: 00:02:30

HP:   -6/40 (41)    AC:  4    Str: 18    XL:     5   Next: 64%
MP:   6/6           EV: 11    Int: 11    God:    Lugonu [**....]
Gold: 94            SH:  0    Dex: 13    Spells: 4/4 levels left

rFire   . . .      SeeInvis .   b - +10 mace "Newtbane" {venom, rElec Str+2}
rCold   . . .      Faith    .   (no shield)
rNeg    . . .      Spirit   .   i - +0 leather armour
rPois   .          Reflect  .   (no helmet)
rElec   +          Harm     .   (no cloak)
rCorr   .          Rampage  .   (no gloves)
Will    .....                   g - +0 pair of boots
Stlth   +.........              (no amulet)
HPRegen 0.13/turn               (no ring)
MPRegen 0.20/turn               (no ring)

@: lethally poisoned (-6 -> -34), lightly drained
A: claws 1, magic regeneration
a: Renounce Religion, Depart the Abyss, Bend Space


You were on level 2 of the Dungeon.
You worshipped Lugonu.
Lugonu was pleased with you.
You visited 1 branch of the dungeon, and saw 2 of its levels.
You visited the Abyss 1 time.

You collected 94 gold pieces.

Inventory:

Hand Weapons
 a - a +1 hand axe
 b - the +10 mace "Newtbane" (weapon) {venom, rElec Str+2}
   (You found it on level 2 of the Dungeon)

   It poisons the flesh of those it strikes.
   Str:       It affects your strength (+2).
   rElec:     It insulates you from electricity.
Armour
 g - a +0 pair of boots (worn)
 i - a +0 leather armour (worn)
Wands
 o - a wand of polymorph (5)
Scrolls
 c - 3 scrolls of identify {unknown}
 d - a scroll of enchant armour {unknown}
 e - a scroll of brand weapon {unknown}
 l - a scroll of fear {unknown}
 m - a scroll of acquirement {unknown}
 p - a scroll of teleportation {unknown}
Potions
 f - a potion of curing {unknown}
 h - 2 potions of resistance {unknown}
 j - a potion of degeneration {unknown}
 k - a potion of lignification {unknown}
 n - a potion of heal wounds {unknown}


   Skills:
 - Level 3.0 Fighting
 - Level 5.4 Axes
 - Level 1.7 Armour
 - Level 0.8 Dodging
 + Level 0.0 Unarmed Combat
 - Level 2.4 Invocations


You had 4 spell levels left.
You didn't know any spells.
Your spell library contained the following spells:

 Spells                   Type           Power      Damage    Failure   Level
 Sting                    Tmut/Pois      0%         1d3       38%         1
 Poisonous Vapours        Pois/Air       0%         N/A       54%         2
 Olgreb's Toxic Radiance  Pois           0%         N/A       99%         4


Dungeon Overview and Level Annotations

Branches:
Dungeon (2/15)

Altars:

Shops:
D:1 :

Annotations:
D:2 Crazy Yiuf


Innate Abilities, Weirdness & Mutations

You have sharp fingernails.
You regenerate magic rapidly.


Message History

Your demonic ancestry asserts itself...
Your fingernails lengthen.
Things that are here:
a +0 scythe; a +0 robe; the human corpse of Sigmund
n - a murky coppery potion You see here a +0 war axe.
o - a wand of polymorph (5)
You see here a +0 war axe.
Things that are here:
a +0 scythe; a +0 robe; the human corpse of Sigmund
There is a stone staircase leading down here.
Found 2 poisoned darts.
Found 5 poisoned darts.
Found a hand axe.
Found an escape hatch in the floor.
p - a scroll labelled QETTUH ACASM You see here a +4 chain mail.
There is an open door here.
Found a hammer.
Found a runed translucent door.
Crazy Yiuf shouts!
Could not explore, unopened runed door.
You open the door. You hit Crazy Yiuf.
Crazy Yiuf is poisoned.
Crazy Yiuf is lightly wounded.
Crazy Yiuf hits you with a +2 quarterstaff of chaos!
You are poisoned.
Crazy Yiuf hits you with a +2 quarterstaff of chaos.
You feel drained.
You closely miss Crazy Yiuf.
Crazy Yiuf is lightly wounded.
You feel very sick.
Crazy Yiuf hits you with a +2 quarterstaff of chaos!
* * * LOW HITPOINT WARNING * * *
You are more poisoned.
You thump Crazy Yiuf!
Crazy Yiuf looks as sick as possible!
Crazy Yiuf is almost dead.
* * * LOW HITPOINT WARNING * * *
You feel extremely sick.
Crazy Yiuf hits you with a +2 quarterstaff of chaos!
You die...

..###.^##.##.......#
.....<#...##.##....##
####....####.##.##..#
# ###..# ##########
## #).# .#####..#
........##♣♣ ###
######..'..♣♣ ♣♣#..)#
#......♣♣♣♣@g...#
##......♣..♣#...#
#.+...♣.♣♣♣ ###
#######.##♣♣♣♣♣
........# #######.#
### ##.# #.# ####..#
##.# #....## #..#


You could see Crazy Yiuf (extremely poisoned).

Vanquished Creatures
  Sigmund (D:2)
  2 adders (D:2)
  A worm (D:2)
  A dart slug (D:2)
  2 endoplasms
  2 giant cockroaches (D:2)
  8 goblins
  5 hobgoblins
  5 kobolds
  6 ball pythons
  5 bats
  5 frilled lizards
  4 rats
47 creatures vanquished.

Notes
Turn   | Place    | Note
-------+----------+-------------------------------------------
     0 | Abyss:1  | polve the Demonspawn Abyssal Knight began the quest for the
                  | Orb.
     0 | Abyss:1  | Reached XP level 1. HP: 18/18 MP: 2/2
     1 | Abyss:1  | Found a corrupted altar of Lugonu.
   205 | D:1      | Escaped the Abyss
   272 | D:1      | Reached skill level 2 in Axes
   554 | D:1      | Gained mutation: You regenerate magic rapidly. [demonic
                  | ancestry]
   554 | D:1      | Reached XP level 2. HP: 18/24 MP: 3/3
   636 | D:1      | Found Veitari's Book Shop.
  1087 | D:1      | Reached skill level 3 in Axes
  1805 | D:2      | Reached XP level 3. HP: 24/29 MP: 4/4
  2054 | D:2      | Identified the +10 mace "Newtbane" {venom, rElec Str+2}
  2313 | D:2      | Reached XP level 4. HP: 35/35 MP: 5/5
  2363 | D:2      | Reached skill level 4 in Axes
  2372 | D:2      | Noticed Sigmund
  2382 | D:2      | Killed Sigmund
  2383 | D:2      | Reached skill level 5 in Axes
  2383 | D:2      | Discovered your monstrous ancestry.
  2383 | D:2      | Gained mutation: You have sharp fingernails. [demonic
                  | ancestry]
  2383 | D:2      | Reached XP level 5. HP: 41/41 MP: 6/6
  2541 | D:2      | Found a runed translucent door.
  2542 | D:2      | Noticed Crazy Yiuf
  2548 | D:2      | HP: 2/40 [poisoned by Crazy Yiuf]
  2548 | D:2      | Mangled by Crazy Yiuf

Illustrated notes

Levels and vault maps discovered:
D:1:      ebering_hopf_link, layout_basic, serial_shops,
          nicolae_shop_advertising_works [nicolae_subvault_shop_adworks],
          minivault_14, minmay_hexomino_u4
D:2:      layout_rooms, uniq_crazy_yiuf_cottage, uniq_sigmund

Skill      XL: |  1  2  3  4 |
---------------+-------------+-----
Axes           | 2 3 5 |  5.4
Fighting       | |  3.0
Armour         | |  1.7
Dodging        | |  0.8
Invocations    | |  2.4

Action                   |  1- 3 |  4- 6 || total
-------------------------+-------+-------++-------
Melee: Hand axe          |    94 |       ||    94
       Mace              |     9 |     9 ||    18
Invok: Depart the Abyss  |     1 |       ||     1
 Stab: Sleeping          |     1 |       ||     1
Armor: Leather armour    |    29 |     1 ||    30
Dodge: Dodged            |    58 |     4 ||    62

Table legend: (Time is in decaauts)
 A = Elapsed time spent in this place.
 B = Non-inter-level travel time spent in this place.
 C = Inter-level travel time spent in this place.
 D = Time resting spent in this place.
 E = Time spent auto-exploring this place.
 F = Levels seen in this place.
 G = Mean time per level.
                   A        B        C        D        E       F      G
               +--------+--------+--------+--------+--------+-----+--------+
         Total |   2582 |   2547 |     35 |      2 |   2139 |   3 |  860.7 |
       Dungeon |   2377 |   2342 |     35 |      2 |   1936 |   2 | 1188.5 |
         Abyss |    205 |    205 |      0 |      0 |    203 |   1 |  205.0 |
               +--------+--------+--------+--------+--------+-----+--------+

Top non-repeatable levels by time:
     D:1: 1595 daAuts
     D:2: 782 daAuts
 Abyss:1: 205 daAuts
